Map: King Sejong Station LE

Players

blackxored - Winner!

  • Race: Zerg Zerg
  • League: Platinum

crz

  • Race: Terran Terran
  • League: Platinum

VOD

Have the link to the VOD?

Description

Time

  • Played on: June 26, 2016, 3:45 p.m.
  • Length: 13:32
Show
View Real Time Build Order
Export as new Build Order

blackxored Zerg - Winner!

Build Orders: Hatch First, Muta Ling Bane 

Get SALT Encoding   

  12  0:01  Drone  
  13  0:08  Drone  
  14  0:19  Overlord  
  14  0:23  Extractor  
  14  0:24  Drone  
  15  0:39  Drone  
  15  0:40  Drone  
  17  0:54  Hatchery  
  16  0:57  Drone  
  16  0:59  Drone  
  18  1:12  Extractor  
  18  1:14  Spawning Pool  
  18  1:17  Drone  
  17  1:20  Drone  
  18  1:28  Drone  
  19  1:39  Overlord  
  19  1:50  Drone  
  20  2:02  Zergling x2  
  20  2:03  Queen  
  20  2:06  Queen  
  20  2:07  Zergling x2  
  26  2:11  Zergling x2  
  26  2:13  Metabolic Boost  
  27  2:32  Drone  
  27  2:33  Hatchery  
  27  2:35  Drone  
  28  2:39  Drone  
  28  2:42  Drone  
  30  2:49  Overlord  
  30  3:00  Zergling x8  
  30  3:05  Pneumatized Carapace  
  34  3:11  Overlord  
  34  3:19  Queen  
  36  3:23  Drone  
  36  3:24  Drone  
  38  3:28  Drone  
  38  3:29  Drone  
  40  3:38  Drone x3  
  40  3:39  Drone  
  44  3:44  Overlord  
  44  3:48  Overlord  
  44  3:59  Drone x4  
  44  4:00  Drone  
  48  4:19  Queen  
  48  4:23  Queen  
  52  4:31  Queen  
  52  4:34  Drone  
  52  4:36  Baneling Nest  
  54  5:02  Queen  
  54  5:05  Drone x9  
  54  5:07  Overlord x3  
  65  5:11  Overlord  
  65  5:12  Overlord  
  65  5:17  Overlord  
  65  5:24  Queen  
  67  5:33  Zergling x10  
  67  5:34  Zergling x14  
  79  5:43  Drone x2  
  79  5:45  Baneling x6  
  81  6:05  Lair  
  81  6:06  Drone x13  
  94  6:12  Extractor x2  
  92  6:20  Extractor  
  92  6:24  Extractor  
  85  6:29  Extractor  
  80  6:41  Zergling x32  
  95  6:58  Drone x4  
  99  7:04  Drone  
  99  7:05  Drone  
  99  7:07  Drone  
  102  7:09  Drone  
  102  7:14  Drone  
  104  7:16  Drone x2  
  104  7:18  Drone  
  104  7:21  Overlord  
  104  7:22  Centrifical Hooks, Hatchery  
  106  7:25  Zergling x2  
  106  7:27  Baneling x5, Evolution Chamber x2  
  106  7:28  Baneling x4  
  106  7:29  Baneling x2  
  105  7:31  Overseer  
  105  7:35  Drone  
  105  7:36  Overseer  
  106  7:39  Hatchery  
  105  7:46  Zergling x12  
  111  7:56  Zerg Melee Weapons Level 1, Zerg Ground Armor Level 1  
  111  8:00  Spire, Drone  
  111  8:02  Zergling x6  
  114  8:13  Overlord x5  
  114  8:14  Overlord x2  
  113  8:31  Overlord x5  
  113  8:34  Overseer  
  113  8:41  Drone x8  
  121  8:53  Zergling x2  
  121  8:54  Zergling x16  
  130  8:56  Extractor  
  130  8:57  Extractor  
  128  9:03  Baneling  
  128  9:04  Baneling x20  
  128  9:10  Zergling x22  
  137  9:36  Mutalisk  
  137  9:37  Mutalisk x7  
  137  9:38  Mutalisk x2  
  155  9:39  Mutalisk  
  159  9:47  Drone x2  
  154  10:04  Overseer x2  
  154  10:05  Zergling x8  
  154  10:06  Zergling x22  
  143  10:22  Zergling x2  
  143  10:23  Zergling x28  
  158  10:28  Zergling x2  
  158  10:29  Zergling x2  
  158  10:32  Zergling x6  
  148  10:49  Zergling x18  
  157  10:54  Drone x2  
  157  10:55  Drone  
  154  11:13  Zergling x24  
  154  11:14  Zerg Flyer Weapons Level 1  
  154  11:16  Zerg Ground Armor Level 2  
  166  11:23  Zergling x16, Hatchery  
  173  11:29  Zergling x12  
  173  11:31  Baneling x21  
  173  11:32  Baneling x2  
  179  11:46  Baneling x5  
  179  11:47  Baneling x4  
  154  12:13  Mutalisk x10  
  154  12:14  Mutalisk x2  
  167  12:18  Zergling x2  
  167  12:19  Zergling x28  
  180  12:46  Zergling x30  
  180  12:47  Extractor x2  
  180  12:49  Baneling  
  180  12:50  Baneling x22  
  193  12:53  Infestation Pit  
  193  12:56  Drone x2  
  193  12:57  Drone x5  
  199  13:13  Drone  
Show
View Real Time Build Order
Export as new Build Order

crz Terran 

Build Orders:  

Get SALT Encoding   

  12  0:01  SCV  
  13  0:13  SCV  
  14  0:17  Supply Depot  
  14  0:25  SCV  
  15  0:39  SCV  
  15  0:40  Barracks  
  16  0:44  Refinery  
  16  0:51  SCV  
  17  1:03  SCV  
  18  1:15  SCV  
  19  1:26  Marine  
  19  1:27  Orbital Command  
  20  1:45  Command Center  
  20  1:53  SCV  
  21  1:58  Barracks Reactor  
  21  2:00  Supply Depot  
  21  2:11  SCV  
  22  2:16  Barracks  
  22  2:23  SCV  
  23  2:30  Factory  
  23  2:34  Refinery  
  23  2:35  SCV  
  23  2:36  Marine  
  25  2:38  Marine  
  26  2:49  SCV  
  27  2:58  Orbital Command  
  27  3:01  SCV  
  27  3:02  Marine x2  
  30  3:09  Barracks Tech Lab  
  30  3:13  SCV  
  30  3:16  Starport  
  30  3:17  Factory Reactor  
  31  3:22  Marine  
  31  3:23  Marine  
  33  3:29  Stimpack  
  33  3:33  Marine  
  34  3:35  SCV  
  34  3:36  SCV  
  36  3:48  SCV x2  
  38  3:49  Marine x2  
  40  3:58  Marine  
  41  4:03  SCV x2  
  43  4:12  Supply Depot  
  43  4:15  SCV x2  
  45  4:18  Marine  
  46  4:27  Barracks  
  46  4:30  Supply Depot  
  46  4:33  Marine x2, SCV x2  
  46  4:35  Supply Depot, Medivac x2  
  54  4:52  SCV x2  
  56  4:55  Marine x3  
  56  4:57  Factory Tech Lab  
  59  5:04  SCV x2  
  59  5:05  Command Center  
  61  5:16  SCV x2  
  61  5:20  Marine x3  
  67  5:22  Barracks Reactor  
  67  5:28  SCV x2  
  68  5:29  Supply Depot  
  68  5:31  Engineering Bay  
  68  5:34  Siege Tank  
  68  5:35  Bunker  
  71  5:39  Marine x2  
  71  5:40  SCV x2  
  75  5:44  Marauder  
  77  5:50  Refinery  
  77  5:52  SCV x2  
  79  5:59  Supply Depot  
  79  6:04  Refinery, SCV x2  
  79  6:28  Marine  
  79  6:29  Marine x3  
  79  6:30  Siege Tank, Marauder  
  79  6:31  SCV x3  
  82  6:50  Marine x2  
  82  6:51  Marine x2  
  83  6:56  Marauder  
  83  7:00  Medivac x2  
  89  7:06  Terran Infantry Weapons Level 1, Barracks  
  89  7:08  Barracks  
  89  7:09  Marine x2  
  89  7:10  Marine x2, Barracks  
  89  7:11  Barracks, Siege Tank  
  89  7:12  Barracks  
  96  7:19  Marine  
  97  7:27  Marine x2  
  99  7:32  Marine  
  99  7:33  Marine  
  99  7:34  SCV x2  
  99  7:36  Marine  
  104  7:46  Siege Tank, SCV x2  
  109  7:54  Supply Depot x2  
  109  7:56  Medivac x2  
  109  7:57  Supply Depot  
  114  7:58  SCV x2  
  114  7:59  Supply Depot, Barracks Reactor, Barracks Tech Lab  
  114  8:01  Barracks Reactor x3  
  115  8:10  SCV x2  
  117  8:18  Siege Tank  
  120  8:28  Supply Depot  
  120  8:29  Engineering Bay  
  120  8:30  Armory  
  120  8:34  Supply Depot  
  120  8:37  Supply Depot  
  120  8:38  Marine x5  
  120  8:39  Supply Depot, Marine x3  
  120  8:40  Marine  
  129  8:43  Supply Depot  
  129  8:46  Marine x4  
  129  8:47  Marine  
  134  8:56  Marine x5  
  139  9:05  Marine x4  
  139  9:06  Marine x4  
  147  9:15  Marine x5, Terran Infantry Armor Level 1  
  147  9:16  Marine  
  153  9:26  Marine x2  
  153  9:27  Marine x5  
  158  9:35  Marine x6  
  161  9:55  Marine x3  
  161  9:56  Marine x8  
  161  9:57  Marine x3  
  132  10:22  Marine x5  
  132  10:23  Marine x4  
  132  10:27  Marine x5  
  131  10:40  Marine x6  
  131  10:41  Marine x3  
  132  10:44  Marine  
  132  10:49  Missile Turret x2  
  133  10:50  Missile Turret  
  133  10:54  Terran Infantry Weapons Level 2, Missile Turret x2  
  133  10:56  Marine x3, Missile Turret  
  120  11:14  Marine x4  
  120  11:15  Marine x5  
  129  11:23  Marine x3  
  132  11:32  Marauder x2  
  128  11:57  Marine x6  
  128  11:58  Marine x8  
  142  12:02  Combat Shields  
  126  12:15  Marine  
  89  12:16  Marine x2  
  89  12:17  Marine x5  
  89  12:18  Marine  
  97  12:26  Marine x3  
  97  12:27  Marine  
  101  12:37  Marine x3  
  101  12:38  Marine x2  
  106  12:45  Barracks Tech Lab  
  106  12:47  Marine x3  
  109  12:54  Refinery  
  109  12:56  Refinery  
  109  13:00  Marine x6  
  114  13:13  Marine x6  
  114  13:14  Marine  
Tags
 
Add a new tag
Caveats
  • Supply blocks, unpowered buildings, or Contaminate may cause inaccurate times.
  • Supply counts are checked every 10 seconds.